 Dungeon Crawl Stone Soup version 0.27.0-1-g7a089689b8 (webtiles) character file.

Game seed: 16085563580805370934

4 MajorAdolf the Sneak (level 1, -1/19 HPs)
             Began as a Naga Wanderer on Aug 8, 2021.
             Slain by a jackal (2 damage)
             ... on level 1 of the Dungeon.
             The game lasted 00:01:03 (199 turns).

MajorAdolf the Sneak (Naga Wanderer)                 Turns: 199, Time: 00:01:04

Health: -1/19      AC:  2    Str: 14    XL:     1   Next: 70%
Magic:  2/2        EV:  8    Int: 12    God:
Gold:   10         SH:  0    Dex: 10    Spells: 1/2 levels left

rFire    . . .     SeeInvis +   a - +0 hand axe
rCold    . . .     Faith    .   (no shield)
rNeg     . . .     Spirit   .   b - +0 leather armour
rPois    +         Reflect  .   (no helmet)
rElec    .         Harm     .   (no cloak)
rCorr    .         Rampage  .   (no gloves)
Will     .....                  (no barding)
Stlth    ++........             (no amulet)
HPRegen  0.06/turn              (no ring)
MPRegen  0.08/turn              (no ring)

@: short of breath, very slow
A: AC +0, large, see invisible, deformed body, poison resistance, slowness 2,
spit poison 1, naga tail 1
a: Spit Poison


You were on level 1 of the Dungeon.
You visited 1 branch of the dungeon, and saw 1 of its levels.

You collected 10 gold pieces.

Inventory:

Hand Weapons
 a - a +0 hand axe (weapon)
Armour
 b - a +0 leather armour (worn)


   Skills:
 - Level 2.0 Fighting
 - Level 2.4 Armour
 + Level 2.7 Stealth
 - Level 1.0 Shields
 - Level 1.0 Spellcasting
 - Level 2.0 Hexes


You had one spell level left.
You knew the following spells:

 Your Spells              Type           Power      Damage    Failure   Level
a - Corona                Hex            5%         N/A       16%         1

Your spell library contained the following spells:

 Spells                   Type           Power      Damage    Failure   Level
 Ensorcelled Hibernation  Hex/Ice        6%         N/A       36%         2
 Confusing Touch          Hex            5%         N/A       43%         3
 Tukima's Dance           Hex            5%         N/A       43%         3
 Dazzling Flash           Conj/Hex       6%         N/A       58%         3


Dungeon Overview and Level Annotations

Branches:
Dungeon (1/15)

Altars:


Innate Abilities, Weirdness & Mutations

Your serpentine skin is tough. (AC +0)
You have supernaturally acute eyesight. (SInv)
Armour fits poorly on your strangely shaped body.
Your system is resistant to poisons. (rPois)
You cover ground very slowly.
You can spit poison.
You have a snake-like lower body.


Message History

The jackal is heavily wounded.
The jackal bites you.
* * * LOW HITPOINT WARNING * * *
The jackal bites you.
* * * LOW HITPOINT WARNING * * *
Unknown command.
Okay, then.
You barely miss the jackal.
The jackal is heavily wounded.
You have got your breath back.
The jackal closely misses you.
The jackal bites you but does no damage.
You aren't carrying any potions.
Unknown command.
You aren't carrying any potions.
You aren't carrying any items that you can evoke.
Drop what? 3/52 slots (_ for help) (? for menu, Esc to quit)
Okay, then.
This is a scroll of acquirement!
You see here a book of the Senses.
Something appears before you! The jackal bites you.
* * * LOW HITPOINT WARNING * * *
Unknown command.
Press: ? - help, Shift-Dir - straight line, f - jackal
Aim: a jackal (heavily wounded)
The splash of poison hits the jackal.
The jackal is poisoned.
You kill the jackal!
Unknown command.
Unknown command.
You hit the jackal.
The jackal is lightly wounded.
The jackal barely misses you. The jackal closely misses you.
You hit the jackal but do no damage.
The jackal is lightly wounded.
You have got your breath back.
The jackal barely misses you. x2
Press: ? - help, Shift-Dir - straight line, f - jackal
Aim: a jackal (lightly wounded)
The splash of poison misses the jackal.
The jackal bites you.
You die...

### ## #### (. ..... .. ....
... ..... .. .... # #.#
##.## .# #..# .# ...###...##
...# #...# ..#
....#.....#.....#h...# ...#
##.......## ##hg...#
....###....<....###......##
.....#..........@#.........#
#.....#####.#####hg...#....#
##.....###...###.....## ...#
........#.....#.....#### ###
...#.....#####.....#.....
...##.....###.....##.####
.....#.....#.....#...# #
......#...[.....##.### ..
#.#.##############.# ...


You could see a jackal and a hobgoblin.

Vanquished Creatures
  3 jackals (D:1)
  A frilled lizard (D:1)
4 creatures vanquished.

Notes
Turn   | Place    | Note
-------+----------+-------------------------------------------
     0 | D:1      | MajorAdolf the Naga Wanderer began the quest for the Orb.
     0 | D:1      | MajorAdolf set off with the following items: a +0 hand axe,
                  | a +0 ring mail; and the following spell memorised: Corona;
                  | and the following spells available to memorise: Ensorcelled
                  | Hibernation, Confusing Touch, Tukima's Dance, Dazzling
                  | Flash
     0 | D:1      | Reached XP level 1. HP: 19/19 MP: 2/2
   195 | D:1      | Identified a scroll of acquirement
   195 | D:1      | Acquired a book of the Senses
   199 | D:1      | Slain by a jackal

Illustrated notes

Levels and vault maps discovered:
D:1:      onia_arrival_pyramid, layout_basic,
          shapermc_ecumenical_altar_acropolis

Skill      XL: |  1 |
---------------+----+-----
Stealth        | 2 |  2.7
Fighting       | |  2.0
Armour         | |  2.4
Shields        | |  1.0
Spellcasting   | |  1.0
Hexes          | |  2.0

Action                   || total
-------------------------++-------
Melee: Hand axe          ||    17
 Cast: Corona            ||     2
 Abil: Spit Poison       ||     4
  Use: Scroll            ||     1
Armor: Leather armour    ||     7
Dodge: Dodged            ||    14
